AoeStats
← Rashedul

Arena

508423487Analyzed
4v4 RM · 9d ago on Sep 22, 2026· 71m 17s· 8 players
Game mode
Random Map
Map size
Large (8 player)
Population
200
Speed
Normal
Resources
Standard
Victory
Conquest
Starting age
Dark Age
Ending age
Imperial Age
RankedLock teamsTeams togetherTeam positionsShared explorationLock speedFull tech treeHidden civsTurbo modeCheats
Victory
Defeat
🇨🇳 Vietnamese · China
1089
+12
🇨🇳 Persians · China
1072
+13
🇹🇷 Bohemians · Türkiye
1035
+14
🇷🇺 Cumans · Russia
1004
+16
🇦🇺 Poles · Australia
1046
-16
🇦🇺 Bohemians · Australia
997
-14
🇳🇿 Malay · New Zealand
990
-13
🇦🇺 Teutons · Australia
967
-12
阿森
10:56 Feudal Age
13:31 Loom
16:48 Castle Age
15:05 Double-Bit Axe
15:55 Horse Collar
18:13 Heavy Plow
18:24 Bow Saw
18:09 Gold Mining
21:47 Squires
22:55 Elite Skirmisher
23:42 Padded Archer Armor
24:24 Scale Mail Armor
26:30 Stone Mining
27:22 Wheelbarrow
29:31 Ballistics
29:49 Thumb Ring
30:01 Chain Mail Armor
30:01 Leather Archer Armor
29:37 Fletching
30:17 Hand Cart
31:29 Pikeman
32:21 Forging
32:07 Bodkin Arrow
32:25 Forging
35:45 Imperial Age
33:01 Town Watch
35:48 Iron Casting
37:46 Chemistry
36:52 Siege Engineers
36:43 Murder Holes
36:16 Halberdier
36:43 Arson
37:29 Plate Mail Armor
39:19 Bombard Tower
38:25 Imperial Skirmisher
39:46 Ring Archer Armor
39:17 Bracer
40:50 Paper Money
44:26 Scale Barding Armor
45:52 Hoardings
47:25 Stone Shaft Mining
50:29 Capped Ram
54:24 Crop Rotation
54:55 Two-Man Saw
54:35 Guilds
54:56 Coinage
54:26 Caravan
58:17 Chain Barding Armor
58:53 Bloodlines
58:45 Husbandry
58:05 Light Cavalry
67:05 Plate Barding Armor
cc
11:28 Feudal Age
11:47 Loom
15:15 Castle Age
13:49 Double-Bit Axe
14:38 Horse Collar
17:23 Bow Saw
19:48 Heavy Plow
23:12 Fervor
23:47 Sanctity
26:32 Wheelbarrow
30:34 Imperial Age
28:27 Murder Holes
30:28 Chemistry
29:31 Fletching
30:01 Hand Cart
30:31 Ballistics
34:04 Bodkin Arrow
34:00 Arrowslits
34:13 Pikeman
34:53 Squires
34:39 Arson
35:09 Scale Mail Armor
36:23 Two-Man Saw
34:59 Halberdier
38:33 Chain Mail Armor
38:19 Bracer
39:42 Elite Skirmisher
41:46 Imperial Skirmisher
42:33 Padded Archer Armor
43:05 Plate Mail Armor
45:37 Leather Archer Armor
50:49 Ring Archer Armor
52:09 Capped Ram
55:05 Bombard Tower
54:56 Masonry
54:52 Siege Engineers
56:40 Forging
56:59 Capped Ram
60:18 Coinage
63:07 Banking
62:48 Guilds
66:00 Caravan
saneglsngosglgeisn
12:53 Feudal Age
15:47 Double-Bit Axe
15:44 Horse Collar
18:33 Castle Age
19:30 Heavy Plow
19:44 Bow Saw
25:54 Wheelbarrow
25:04 Loom
26:43 Stone Mining
26:52 Gold Mining
28:10 Stone Shaft Mining
28:13 Gold Shaft Mining
27:57 Hand Cart
35:32 Imperial Age
34:59 Forging
34:55 Scale Barding Armor
36:27 Iron Casting
36:17 Conscription
37:16 Two-Man Saw
36:50 Crop Rotation
38:26 Chain Barding Armor
39:07 Blast Furnace
38:11 Devotion
37:33 Elite War Elephant
38:25 Citadels
38:51 Hoardings
38:33 Masonry
38:19 Murder Holes
38:45 Ballistics
39:32 Faith
40:01 Husbandry
40:12 Bloodlines
41:07 Plate Barding Armor
64:11 Caravan
Gametofit
9:37 Feudal Age
10:48 Loom
11:41 Double-Bit Axe
11:38 Horse Collar
20:45 Wheelbarrow
24:32 Castle Age
24:49 Town Watch
26:10 Pikeman
27:02 Bloodlines
26:15 Light Cavalry
26:17 Capped Ram
27:04 Squires
27:34 Heavy Plow
27:46 Bow Saw
27:29 Gold Mining
27:30 Stone Mining
29:08 Forging
29:03 Scale Barding Armor
28:50 Fletching
29:45 Scale Mail Armor
31:08 Arson
32:35 Iron Casting
32:21 Chain Barding Armor
31:56 Bodkin Arrow
32:39 Hand Cart
36:56 Steppe Husbandry
39:32 Imperial Age
37:45 Gold Shaft Mining
40:02 Chain Mail Armor
39:47 Padded Archer Armor
40:37 Conscription
39:46 Hussar
39:50 Cavalier
39:57 Elite Steppe Lancer
40:15 Halberdier
42:57 Blast Furnace
42:28 Plate Mail Armor
42:33 Plate Barding Armor
43:10 Two-Man Saw
42:49 Ballistics
42:42 Masonry
43:18 Crop Rotation
45:19 Plate Barding Armor
46:11 Chemistry
45:07 Murder Holes
49:43 Paladin
49:51 Elite Kipchak
51:45 Leather Archer Armor
58:09 Town Patrol
TikishTakush
11:55 Feudal Age
14:25 Loom
17:17 Castle Age
16:05 Double-Bit Axe
17:07 Horse Collar
17:53 Pikeman
20:26 Bow Saw
28:52 Masonry
32:37 Imperial Age
32:58 Squires
34:07 Chemistry
33:25 Halberdier
36:33 Wagenburg Tactics
37:11 Conscription
37:25 Siege Engineers
38:42 Forging
38:32 Scale Mail Armor
38:06 Elite Hussite Wagon
40:12 Fletching
40:59 Iron Casting
40:39 Chain Mail Armor
40:23 Murder Holes
40:59 Architecture
41:04 Treadmill Crane
41:37 Fervor
44:43 Houfnice
47:48 Arson
49:59 Blast Furnace
48:55 Bodkin Arrow
49:31 Plate Mail Armor
49:14 Fortified Wall
52:12 Wheelbarrow
56:01 Two-Man Saw
55:03 Bracer
55:04 Padded Archer Armor
60:49 Ballistics
60:50 Bombard Tower
65:24 Leather Archer Armor
Sarder King
10:55 Feudal Age
11:55 Loom
15:17 Castle Age
14:11 Double-Bit Axe
15:10 Horse Collar
21:17 Wheelbarrow
20:57 Heavy Plow
24:24 Bow Saw
30:09 Imperial Age
28:07 Gold Mining
28:31 Forging
28:23 Scale Mail Armor
28:48 Bloodlines
30:48 Scale Barding Armor
31:28 Conscription
30:54 Cavalier
33:12 Crenellations
34:50 Hoardings
34:29 Capped Ram
35:23 Squires
36:16 Hand Cart
35:25 Pikeman
36:18 Fletching
36:29 Padded Archer Armor
37:50 Chemistry
37:38 Bodkin Arrow
37:21 Heavy Scorpion
39:34 Iron Casting
39:15 Leather Archer Armor
40:19 Chain Barding Armor
40:14 Leather Archer Armor
40:12 Siege Engineers
40:17 Masonry
40:28 Ballistics
40:18 Fortified Wall
41:07 Bombard Tower
42:37 Plate Barding Armor
43:03 Blast Furnace
44:39 Halberdier
45:20 Elite Teutonic Knight
46:21 Ironclad
47:57 Elite Teutonic Knight
49:32 Ironclad
50:43 Chain Mail Armor
53:31 Crop Rotation
54:05 Block Printing
Prince_of_Tropics
11:46 Feudal Age
16:12 Castle Age
14:31 Double-Bit Axe
16:07 Stone Mining
16:04 Horse Collar
17:28 Heavy Plow
17:42 Bow Saw
17:32 Loom
24:29 Wheelbarrow
26:23 Szlachta Privileges
27:31 Scale Barding Armor
27:37 Forging
27:58 Bloodlines
28:01 Husbandry
33:02 Chain Barding Armor
33:18 Iron Casting
35:46 Imperial Age
33:32 Hand Cart
36:05 Cavalier
41:03 Blast Furnace
47:11 Crossbowman
47:56 Thumb Ring
47:44 Fletching
47:51 Arbalester
50:19 Bodkin Arrow
54:01 Bracer
54:13 Padded Archer Armor
63:00 Chemistry
62:21 Ballistics
Rashedul
11:08 Feudal Age
13:06 Loom
16:37 Castle Age
14:47 Double-Bit Axe
14:53 Horse Collar
18:43 Stone Mining
22:37 Wheelbarrow
22:24 Heavy Plow
24:07 Bow Saw
24:55 Hand Cart
25:17 Town Watch
25:49 Fletching
30:57 Imperial Age
29:08 Scale Barding Armor
29:29 Husbandry
29:52 Bodkin Arrow
29:58 Murder Holes
30:51 Gold Mining
31:41 Conscription
32:27 Gold Shaft Mining
32:28 Siege Engineers
33:22 Elite Battle Elephant
34:04 Bracer
34:15 Forging
34:44 Padded Archer Armor
34:54 Pikeman
35:35 Squires
35:18 Crossbowman
36:04 Thumb Ring
35:25 Halberdier
35:51 Arson
35:48 Man-at-Arms
37:01 Leather Archer Armor
36:08 Arbalester
37:09 Elite Karambit Warrior
38:54 Ring Archer Armor
39:46 Long Swordsman
41:48 Iron Casting
42:36 Ballistics
43:17 Chemistry
43:34 Masonry
44:20 Caravan
47:52 Blast Furnace
48:16 Bombard Tower
49:20 Two-Handed Swordsman
50:09 Forced Levy
Connection lost

Rejoining the realm…

Still unreachable

The connection could not be restored.

Session expired

The server has moved on; the page needs a fresh start.